 Dungeon Crawl Stone Soup version 0.26-a0-487-gbff1e92059 (webtiles) character file.

Game seed: 13262202592522918651

373415 Froggeryz the Wrestler (level 21, -9/221 HPs)
             Began as a Troll Chaos Knight on July 30, 2020.
             Was the Champion of Okawaru.
             Mangled by a titan (30 damage)
             ... on level 5 of the Vaults on Aug 2, 2020.
             The game lasted 01:33:52 (74440 turns).

Froggeryz the Wrestler (Troll Chaos Knight)        Turns: 74440, Time: 01:33:53

Health: -9/221     AC: 19    Str: 29    XL:     21   Next: 74%
Magic:  18/24      EV: 17    Int: 11    God:    Okawaru [******]
Gold:   3102       SH: 20    Dex: 14    Spells: 22/26 levels left

rFire    + + +     SeeInvis +     - Unarmed
rCold    + + +     Faith    .   O - +0 kite shield {rF+}
rNeg     + . .     Spirit   .   R - +2 robe {rN+}
rPois    +         Reflect  +   k - +2 hat {SInv}
rElec    +         Harm     .   n - scarf {rC+ rF+}
rCorr    .         Clarity  +   (gloves unavailable)
MR       +....                  (boots unavailable)
Stlth    ++........             G - amulet of reflection
HPRegen  1.66/turn              Y - +4 ring of protection
MPRegen  0.19/turn              T - ring of protection from magic

@: about to teleport, vulnerable, studying Fighting
A: large, unfitting armour, antennae 1, claws 3, fangs 1, talons 2, iridescent
scales 1, molten scales 1, camouflage 1, see invisible, clarity, clever 1, cold
resistance 2, fire resistance 1, magic resistance 1, sense surroundings 1,
poison resistance, regeneration 3, shaggy fur 2, electricity resistance, strong
1, tough skin 3, MP-powered wands
}: 2/15 runes: decaying, gossamer
a: Heroism, Finesse, Renounce Religion


You were on level 5 of the Vaults.
You worshipped Okawaru.
Okawaru was exalted by your worship.
You visited 7 branches of the dungeon, and saw 37 of its levels.
You also visited: Ice Cave and Volcano.

You collected 6197 gold pieces.
You spent 2898 gold pieces at shops.
You donated 197 gold pieces to Zin.

Inventory:

Missiles
 J - 12 curare-tipped darts (quivered)
Armour
 a - the +7 tower shield of Orronage {Str+4 SInv}
   (Okawaru gifted it to you on level 1 of the Vaults)

   It affects your strength (+4).
   It lets you see invisible.
 k - a +2 hat of see invisible (worn)
 n - a scarf of resistance (worn)
 w - the +0 cloak of the Wumpus {rPois Int+4 Slay+2}
   (You acquired it on level 6 of the Lair of Beasts)

   It affects your intelligence (+4).
   It affects your accuracy and damage with ranged weapons and melee attacks
   (+2).
   It protects you from poison.
 O - a +0 kite shield of fire resistance (worn)
 R - a +2 robe of positive energy (worn)
Jewellery
 e - an uncursed ring of resist corrosion
 o - an uncursed ring of protection from fire
 r - an uncursed ring of positive energy
 G - an amulet of reflection (around neck)
 S - an uncursed ring of flight
 T - a ring of protection from magic (right claw)
 Y - a +4 ring of protection (left claw)
Wands
 q - a wand of disintegration (45)
 s - a wand of enslavement (30)
 t - a wand of acid (14)
 v - a wand of iceblast (10)
 x - a wand of digging (17)
 B - a wand of clouds (20)
 E - a wand of flame (57)
 I - a wand of random effects (19)
 L - a wand of polymorph (28)
Scrolls
 b - 3 scrolls of amnesia
 c - 24 scrolls of remove curse
 d - 4 scrolls of enchant armour
 f - 12 scrolls of teleportation
 g - 3 scrolls of immolation
 j - 3 scrolls of summoning
 m - 10 scrolls of fog
 y - 4 scrolls of magic mapping
 H - 5 scrolls of fear
 K - a scroll of silence
 P - 13 scrolls of identify
 Q - a scroll of blinking
Potions
 h - a potion of heal wounds
 i - 7 potions of haste
 l - 25 potions of curing
 p - 4 potions of brilliance
 z - 4 potions of invisibility
 A - 4 potions of magic
 C - 2 potions of resistance
 D - 9 potions of ambrosia
 F - 3 potions of cancellation
 M - 5 potions of flight
 N - 5 potions of berserk rage
 V - 5 potions of might
 W - a potion of mutation
 X - 4 potions of stabbing
Books
 U - a manual of Fighting
Miscellaneous
 u - a lightning rod (4/4)
 Z - a phial of floods


   Skills:
 + Level 15.7 Fighting
 + Level 12.4 Dodging
 + Level 16.5 Shields
 + Level 22.2 Unarmed Combat
 - Level 3.0 Spellcasting
 - Level 10.0 Translocations
 - Level 3.1 Evocations


You had 22 spell levels left.
You knew the following spells:

 Your Spells              Type           Power        Failure   Level
a - Apportation           Tloc           ###...       1%          1
b - Lesser Beckoning      Tloc           ###.......   1%          3

Your spell library contained the following spells:

 Spells                   Type           Power        Failure   Level
 Gell's Gravitas          Tloc           ###.......   1%          3
 Portal Projectile        Hex/Tloc       ##....       10%         3
 Beastly Appendage        Tmut           #.....       26%         1
 Corona                   Hex            #......      26%         1
 Foxfire                  Conj/Fire      #...         26%         1
 Freeze                   Ice            #...         26%         1
 Magic Dart               Conj           #...         26%         1
 Sandblast                Erth           #.....       26%         1
 Shock                    Conj/Air       #...         26%         1
 Summon Small Mammal      Summ           #...         26%         1
 Iskenderun's Mystic Bla  Conj/Tloc      ##......     32%         4
 Call Imp                 Summ           #.......     36%         2
 Corpse Rot               Necr/Air       N/A          36%         2
 Ensorcelled Hibernation  Hex/Ice        #.....       36%         2
 Passwall                 Tmut/Erth      #.......     36%         2
 Searing Ray              Conj           #.....       36%         2
 Sublimation of Blood     Necr           #.........   36%         2
 Swiftness                Air            #.......     36%         2
 Wereblood                Tmut           #.......     36%         2
 Dispersal                Tloc           ###.......   54%         6
 Call Canine Familiar     Summ           #.......     61%         3
 Confusing Touch          Hex            #.......     61%         3
 Conjure Flame            Conj/Fire      #.......     61%         3
 Dazzling Flash           Conj/Hex       #.....       61%         3
 Frozen Ramparts          Ice            #.....       61%         3
 Inner Flame              Hex/Fire       #.......     61%         3
 Ozocubu's Armour         Ice            #.......     61%         3
 Spider Form              Tmut/Pois      #.........   61%         3
 Static Discharge         Conj/Air       #.......     61%         3
 Stone Arrow              Conj/Erth      #.....       61%         3
 Summon Guardian Golem    Hex/Summ       #.......     61%         3
 Tukima's Dance           Hex            #.......     61%         3
 Summon Forest            Summ/Tloc      ##........   67%         5
 Airstrike                Air            #.........   95%         4
 Dispel Undead            Necr           #.......     95%         4
 Fulminant Prism          Conj/Hex       #.........   95%         4
 Hailstorm                Conj/Ice       #.......     95%         4
 Ice Form                 Ice/Tmut       #.......     95%         4
 Petrify                  Tmut/Erth      #.......     95%         4
 Sticky Flame             Conj/Fire      #.......     95%         4
 Summon Ice Beast         Ice/Summ       #.......     95%         4
 Summon Lightning Spire   Summ/Air       #.......     95%         4
 Agony                    Necr           #.......     100%        5
 Alistair's Intoxication  Tmut/Pois      #........    100%        5
 Blade Hands              Tmut           #.........   100%        5
 Excruciating Wounds      Necr           #.........   100%        5
 Fireball                 Conj/Fire      #.........   100%        5
 Lee's Rapid Deconstruct  Erth           #.........   100%        5
 Lightning Bolt           Conj/Air       #.........   100%        5
 Metabolic Englaciation   Hex/Ice        #.........   100%        5
 Silence                  Hex/Air        #.........   100%        5
 Yara's Violent Unravell  Hex/Tmut       #.........   100%        5
 Conjure Ball Lightning   Conj/Air       #.........   100%        6
 Eringya's Noxious Bog    Tmut/Pois      #.........   100%        6
 Freezing Cloud           Conj/Ice/Air   #.........   100%        6
 Hydra Form               Tmut           #.........   100%        6
 Invisibility             Hex            #.......     100%        6
 Ozocubu's Refrigeration  Ice            #.........   100%        6
 Simulacrum               Ice/Necr       #.........   100%        6
 Malign Gateway           Summ/Tloc      ##........   100%        7
 Monstrous Menagerie      Summ           #.........   100%        7
 Summon Greater Demon     Summ           #.........   100%        7
 Summon Hydra             Summ           #.........   100%        7
 Controlled Blink         Tloc           N/A          100%        8
 Disjunction              Tloc           ###.......   100%        8
 Summon Horrible Things   Summ           #.........   100%        8
 Tornado                  Air            #.........   100%        9


Dungeon Overview and Level Annotations

Branches:
Dungeon (15/15)            Temple (1/1) D:5            Lair (6/6) D:8
  Swamp (4/4) Lair:3       Spider (4/4) Lair:2        Slime (0/5) Lair:6
    Orc (2/2) D:11            Elf (0/3) Orc:2        Vaults (5/5) D:14
  Crypt (0/3) Vaults:3     Depths (0/5) D:15          IceCv (visited)
Volcano (visited)

Altars:
Ashenzari
Cheibriados
Dithmenos
Elyvilon
Fedhas
Gozag
Kikubaaqudgha
Makhleb
Nemelex Xobeh
Okawaru
Qazlal
Ru
Sif Muna
Trog
Uskayaw
Vehumet
Wu Jian
Xom
Yredelemnul
Zin
The Shining One
Beogh
Jiyva
Lugonu

Shops:
D:9 *   D:10 (   D:15 *   Orc:2 **[=(   Vaults:1 !   Vaults:3 [

Portals:
Trove: D:13 (give 6 scrolls of blinking)

Annotations:
D:5 1 transporter
Vaults:5 Boris


Innate Abilities, Weirdness & Mutations

You are too large for most types of armour.
You have claws for hands.
You regenerate.
You are covered in thick fur. (AC +2)
You have extremely tough skin. (AC +3)
You have a pair of small antennae on your head.
You have very sharp teeth.
You have razor-sharp toenails.
You are partially covered in iridescent scales. (AC +2)
You are partially covered in molten scales. (AC +2)
Your skin changes colour to match your surroundings (Stealth+).
You have supernaturally acute eyesight. (SInv)
You possess an exceptional clarity of mind.
Your mind is acute. (Int +2)
Your flesh is very cold resistant. (rC++)
Your flesh is heat resistant. (rF+)
You are resistant to hostile enchantments. (MR+)
You passively map a small area around you.
Your system is resistant to poisons. (rPois)
You are resistant to electric shocks. (rElec)
Your muscles are strong. (Str +2)
You expend magic power (3 MP) to strengthen your wands.


Message History

Unknown command.
Unknown command.
Unknown command.
Unknown command.
You feel much better.
A phantasmal warrior comes into view.
The phantasmal warrior barely misses you.
The stone giant howls, "Help!"
Boris, Master of Life and Death comes into view.
He is wearing a +2 robe of resistance.
The titan hits you!!!
* * * LOW HITPOINT WARNING * * *
The stone giant weeps quietly.
Boris shouts!
You hear a shout!
You hear a howl!
Items here: ! $ ))))) ? [[[ †.
Unknown command.
Unknown command.
As you read the scroll of teleportation, it crumbles to dust.
You feel strangely unstable.
The phantasmal warrior blinks!
The titan hits you!!
You die...

#..# , *
#..# *
#..#{ ,,
#..#.., ##
#..#.####..
#..#.......
#..#.......
#CW#{......
,
#)@#{......
,
#W(#.p....#
,,
#o(QL...#
#Co#c####,
*
#.........,
#.§p(#c#p#
* #...oo...
#.....o...
#....C.....


You could see a titan (empowered), a stone giant (fleeing), a tengu reaver
(empowered), a yaktaur captain (wandering), a vault sentinel (empowered,
fleeing), 2 phantasmal warriors, a yaktaur (fleeing), an orc warrior (fleeing)
and an orc (fleeing).

Vanquished Creatures
  An ancient lich (Vaults:5)
  Bai Suzhen (Swamp:4)
  Nikola (Spider:3)
  Jory (Vaults:3)
  Jorgrun (Swamp:3)
  3 tentacled monstrosities
  4 titans
  A quicksilver dragon (Vaults:5)
  2 tengu reavers
  A shadow dragon (Vaults:5)
  2 storm dragons
  Frances (Spider:2)
  2 sphinxes
  3 thorn hunters
  Kirke (Spider:1)
  A revenant (Vaults:3)
  Donald (Spider:3)
  4 fire giants
  The ghost of Duqoann the Impaler, a journeyman DgWn (Spider:3)
  10 vault wardens
  A deep elf sorcerer (Vaults:3)
  3 frost giants
  Aizul (Swamp:4)
  3 orc warlords
  4 ghost moths
  A curse skull (Vaults:3)
  10 emperor scorpions
  9 very ugly things
  8 stone giants
  13 ironheart preservers
  A vampire knight (Vaults:4)
  A spark wasp (Spider:3)
  9 entropy weavers
  Nessos (D:15)
  2 deep elf demonologists
  Azrael (D:12)
  4 dire elephants (Lair:6)
  2 deep elf annihilators
  A deep elf death mage (Vaults:3)
  7 ettins
  3 fire dragons (Vaults:4)
  4 yaktaur captains
  A crystal guardian (Vaults:3)
  9 ogre magi
  A deep elf high priest (Vaults:5)
  2 great orbs of eyes
  An ice dragon (Vaults:4)
  2 ghost crabs
  40 vault guards
  25 hydras
  Erolcha (D:11)
  2 catoblepae
  2 shambling mangroves
  6 death knights
  27 two-headed ogres
  13 alligators
  An anaconda (Lair:6)
  7 centaur warriors
  2 deep troll shamans (Vaults:2)
  6 death yaks (Lair:5)
  Urug (Lair:5)
  2 deep troll earth magi
  4 orc high priests (Orc:2)
  Sonja (D:11)
  A deep elf knight (Vaults:3)
  3 shadow wraiths
  4 skeletal warriors
  A spriggan druid (Swamp:3)
  A glowing orange brain (shapeshifter) (Vaults:4)
  A spark wasp zombie (Spider:3)
  A death drake (shapeshifter) (D:14)
  4 unseen horrors
  A glowing orange brain (Vaults:3)
  6 flayed ghosts
  10 swamp dragons
  16 deep trolls
  2 anaconda skeletons (Volcano)
  A wizard (D:15)
  A swamp dragon (shapeshifter) (Vaults:2)
  3 deep elf archers (Vaults:3)
  10 ironbrand convokers
  A spectral wolf spider (Spider:3)
  7 harpies
  A necromancer (Vaults:3)
  An orb spider (shapeshifter) (D:14)
  4 phantasmal warriors
  11 orc knights
  13 orb spiders
  3 cyclopes
  9 deep elf magi
  An oklob plant (Orc:1)
  A moth of wrath (shapeshifter) (Vaults:3)
  4 wolf spider zombies (Spider:3)
  22 ugly things
  7 orc sorcerers
  A salamander (shapeshifter) (Vaults:1)
  32 wolf spiders
  A manticore (D:15)
  15 elephants
  6 ice statues
  Joseph (D:8)
  A black mamba (shapeshifter) (D:14)
  11 vault sentinels
  5 black mambas
  16 cane toads
  6 gargoyles
  4 kobold demonologists
  5 rime drakes
  6 komodo dragons
  16 demonic crawlers
  11 freezing wraiths
  19 yaktaurs
  An efreet (D:15)
  4 trolls
  A yaktaur (shapeshifter) (D:12)
  2 redback zombies (Spider:3)
  2 anaconda simulacra (IceCv)
  2 golden dragon simulacra (IceCv)
  27 jumping spiders
  A queen bee (Lair:5)
  3 meliai (Lair:5)
  A troll (shapeshifter) (Vaults:2)
  A spectral tarantella (Spider:3)
  A polar bear (Lair:4)
  A tarantella zombie (Spider:3)
  5 tyrant leeches
  13 hornets
  Prince Ribbit (D:6)
  9 bog bodies
  A sphinx simulacrum (Vaults:1)
  16 blink frogs
  6 jumping spider zombies (Spider:3)
  A wolf spider simulacrum (Spider:3)
  6 dream sheep (Lair:4)
  A blink frog (shapeshifter) (Vaults:4)
  38 slime creatures
  A harpy skeleton (Volcano)
  5 hippogriffs
  4 shadows
  104 redbacks
  3 flying skulls (Volcano)
  An alligator skeleton (Volcano)
  2 wyverns
  Sigmund (D:2)
  11 wraiths
  17 tarantellas
  2 vampires (D:10)
  A wyvern (shapeshifter) (Vaults:4)
  4 fire elementals (D:11)
  49 yaks
  3 fire bats (Orc:2)
  A hog (Spider:1)
  26 vampire mosquitoes
  A golden eye (shapeshifter) (Vaults:2)
  5 basilisks
  Menkaure (D:4)
  9 wargs
  A spectral orb spider (Spider:3)
  2 iron troll simulacra (IceCv)
  2 redback simulacra (Spider:3)
  3 soldier ants (Spider:3)
  21 insubstantial wisps
  3 small abominations (Spider:3)
  17 swamp worms
  2 acid dragons
  A hydra simulacrum (IceCv)
  13 water moccasins
  3 hell hounds
  A spectral hornet (Spider:3)
  Duvessa (D:5)
  A spectral torpor snail (Spider:3)
  6 porcupines
  An orb spider zombie (Spider:3)
  51 orc warriors
  2 tarantella simulacra (Spider:3)
  An eye of draining (shapeshifter) (D:15)
  13 ice beasts
  4 sky beasts
  A hornet zombie (Spider:3)
  3 eyes of draining
  2 black bears
  2 ettin simulacra (IceCv)
  2 necrophages
  A sky beast (shapeshifter) (Vaults:4)
  14 swamp drakes
  A phantom (D:6)
  A black bear (shapeshifter) (Vaults:2)
  7 boggarts
  9 wolves
  34 ogres
  15 crocodiles
  19 centaurs
  Blork the orc (D:6)
  9 bullfrogs
  A big kobold (D:9)
  A water moccasin zombie (D:10)
  Dowan (D:5)
  17 scorpions
  15 killer bees
  A human simulacrum (Vaults:2)
  3 spriggan skeletons (Volcano)
  16 wights
  7 howler monkeys
  3 troll skeletons (Volcano)
  An electric eel (Lair:3)
  2 bullfrog zombies
  7 centaur zombies
  2 jellies
  4 hounds
  A gnoll shaman (D:8)
  41 orc priests
  Crazy Yiuf (D:2)
  32 orc wizards
  4 centaur skeletons
  11 hell rats (Lair:5)
  3 iguanas
  17 worker ants
  A hound zombie (D:9)
  A naga skeleton (Volcano)
  A hound skeleton (D:10)
  A worker ant zombie (D:8)
  10 gnolls
  13 adders
  A shadow imp (D:5)
  4 ufetubi
  An ooze (D:1)
  2 adder skeletons
  2 worms
  3 dart slugs
  4 leopard geckos
  125 orcs
  5 giant cockroaches
  5 goblins
  5 hobgoblins
  3 jackals (D:4)
  13 kobolds
  4 quokkas
  3 ball pythons
  A ball python skeleton (D:4)
  4 bats
  A frilled lizard (D:2)
  A jackal skeleton (D:4)
  5 rats
  6 crawling corpses (Spider:3)
  A demonic plant (D:12)
  3 plants (Lair:6)
1679 creatures vanquished.

Vanquished Creatures (collateral kills)
  An orc warrior (Vaults:5)
  The ghost of Ishchenko the Slasher, an amateur HuBe of Trog (D:5)
  An ufetubus (D:5)
  3 orcs
  A giant cockroach (D:5)
7 creatures vanquished.

Vanquished Creatures (others)
  A very ugly thing (Vaults:5)
  A death knight (D:14)
  An alligator (Swamp:4)
  An unseen horror (D:14)
  An orc knight (Vaults:5)
  2 orb spiders (Spider:4)
  A deep elf mage (Vaults:3)
  A vault sentinel (Vaults:5)
  A tyrant leech (Swamp:1)
  A jumping spider (Spider:4)
  An orc warrior (Vaults:5)
  4 humans
  An orc (D:13)
  33 bushes (D:14)
  A demonic plant (D:12)
  A fungus (Lair:6)
  3 plants
  A withered plant (D:14)
56 creatures vanquished.

Grand Total: 1742 creatures vanquished

Notes
Turn   | Place    | Note
-------+----------+-------------------------------------------
     0 | D:1      | Froggeryz the Troll Chaos Knight began the quest for the
                  | Orb.
     0 | D:1      | Reached XP level 1. HP: 22/22 MP: 0/0
    56 | D:1      | Reached XP level 2. HP: 29/29 MP: 1/1
    82 | D:1      | XOM: 1-stop teleportation journey
   633 | D:1      | Reached XP level 3. HP: 36/36 MP: 2/2
   943 | D:2      | XOM: silly message
  1002 | D:2      | XOM: 1-stop teleportation journey
  1164 | D:2      | Noticed Sigmund
  1183 | D:2      | Killed Sigmund
  1183 | D:2      | Reached skill level 4 in Unarmed Combat
  1183 | D:2      | Reached XP level 4. HP: 34/45 MP: 3/3
  1183 | D:2      | Reached XP level 5. HP: 40/53 MP: 4/4
  1247 | D:2      | XOM: silly message
  1392 | D:2      | Found a glowing silver altar of Zin.
  1392 | D:2      | Noticed an angel
  1401 | D:2      | Found a blossoming altar of Fedhas.
  1510 | D:2      | Found a runed translucent door.
  1511 | D:2      | Noticed Crazy Yiuf
  1518 | D:2      | Killed Crazy Yiuf
  1518 | D:2      | Reached skill level 5 in Unarmed Combat
  1609 | D:3      | Noticed an ice beast
  1616 | D:3      | Killed an ice beast
  1616 | D:3      | Reached XP level 6. HP: 60/61 MP: 5/5
  1709 | D:3      | XOM: give mutation
  1709 | D:3      | Gained mutation: You have sharp toenails. [Xom's grace]
  1710 | D:3      | XOM: scenery: summon butterflies
  2002 | D:3      | Found an ancient bone altar of Kikubaaqudgha.
  2002 | D:3      | Noticed a human
  2005 | D:3      | Killed a human
  2032 | D:3      | XOM: scenery: summon butterflies
  2191 | D:4      | Reached skill level 6 in Unarmed Combat
  2316 | D:4      | Reached XP level 7. HP: 70/70 MP: 6/6
  2411 | D:4      | Found an iron altar of Okawaru.
  2411 | D:4      | XOM: 6-stop teleportation journey
  2460 | D:4      | Noticed Menkaure
  2460 | D:4      | XOM: cleaving
  2462 | D:4      | XOM: summons friendly iron imp
  2468 | D:4      | Killed Menkaure
  2468 | D:4      | Reached skill level 7 in Unarmed Combat
  2706 | D:5      | Entered Level 5 of the Dungeon
  2706 | D:5      | XOM: god gift: scroll labeled IRAMAIF TAUWO {god gift}
  2730 | D:5      | Found a staircase to the Ecumenical Temple.
  2746 | D:5      | Reached XP level 8. HP: 62/79 MP: 7/7
  2779 | Temple   | Entered the Ecumenical Temple
  2804 | Temple   | XOM: cloud trail
  2871 | Temple   | XOM is BORED!
  3092 | D:5      | Found a transporter.
  3096 | D:5      | Noticed Ishchenko's ghost (amateur HuBe)
  3116 | D:5      | Found a transporter.
  3125 | D:5      | XOM: cast spell 'Monstrous Menagerie'
  3134 | D:5      | Reached skill level 8 in Unarmed Combat
  3139 | D:5      | Killed Ishchenko's ghost
  3139 | D:5      | Reached skill level 5 in Fighting
  3283 | D:5      | Noticed Duvessa
  3284 | D:5      | Noticed Dowan
  3290 | D:5      | Killed Duvessa
  3295 | D:5      | Killed Dowan
  3429 | D:5      | Found an opulent altar of Gozag.
  3538 | D:3      | XOM: cloud trail
  3681 | D:3      | XOM: scenery: create altars
  3725 | D:3      | XOM: scenery: create altars
  3808 | D:3      | XOM: 3-stop teleportation journey
  3817 | D:3      | XOM: divination: detect creatures
  3871 | D:3      | XOM: cloud trail
  4014 | D:3      | XOM: god gift: 40 gold pieces
  4168 | D:3      | XOM: god gift: plate armour {god gift}
  4205 | D:3      | XOM: cloud trail
  4356 | D:3      | XOM: scenery: summon butterflies
  4447 | D:3      | XOM: god gift: glowing rapier {god gift}
  4760 | D:3      | XOM: god gift: long jewelled staff {god gift}
  4947 | D:3      | XOM is BORED!
  4947 | D:3      | XOM: stat loss: -1 Str (20/21)
  5098 | D:3      | XOM: cloud trail
  5136 | D:3      | XOM: give mutations
  5136 | D:3      | Gained mutation: You are partially covered in large bone
                  | plates. (SH +4) [Xom's grace]
  5136 | D:3      | Gained mutation: You can translocate small distances at
                  | will. [Xom's grace]
  5136 | D:3      | Gained mutation: You are agile. (Dex +2) [Xom's grace]
  5136 | D:3      | Gained mutation: You are partially covered in iridescent
                  | scales. (AC +2) [Xom's grace]
  5177 | D:3      | XOM: cloud trail
  5216 | D:3      | XOM: divination: magic mapping
  5689 | D:3      | XOM: god gift: plate armour {god gift}
  5826 | D:3      | XOM: god gift: glowing rapier {god gift}
  6300 | D:3      | XOM: cloud trail
  6462 | D:3      | XOM: scenery: create altars
  6520 | D:3      | XOM: god gift: glowing scarf {god gift}
  6840 | D:3      | XOM: give mutations
  6840 | D:3      | Gained mutation: You are dopey. (Int -2) [Xom's mischief]
  6840 | D:3      | Lost mutation: You are partially covered in large bone
                  | plates. (SH +4) [Xom's mischief]
  6992 | D:3      | XOM: god gift: quarterstaff {god gift}
  7194 | D:3      | XOM: give mutations
  7194 | D:3      | Gained mutation: You are very agile. (Dex +4) [Xom's grace]
  7194 | D:3      | Gained mutation: You have supernaturally acute eyesight.
                  | (SInv) [Xom's grace]
  7194 | D:3      | Gained mutation: You are mostly covered in iridescent
                  | scales. (AC +4) [Xom's grace]
  7194 | D:3      | Gained mutation: Your system is resistant to poisons.
                  | (rPois) [Xom's grace]
  7202 | D:3      | XOM: cloud trail
  7829 | D:3      | XOM: 2-stop teleportation journey
  8144 | D:3      | XOM: god gift: 36 gold pieces
  8204 | D:3      | XOM: noise
  8218 | D:3      | XOM is BORED!
  8218 | D:3      | XOM: stat loss: -2 Int (5/7)
  8250 | D:3      | XOM: cloud trail
  8269 | D:3      | XOM: give mutations
  8269 | D:3      | Gained mutation: You are robust. (+10% HP) [Xom's grace]
  8269 | D:3      | Gained mutation: Your flesh is heat resistant. (rF+) [Xom's
                  | grace]
  8269 | D:3      | Gained mutation: You have a pair of small antennae on your
                  | head. [Xom's grace]
  8288 | D:3      | XOM: god gift: peridot ring {god gift}
  8359 | D:3      | XOM: cloud trail
  8404 | D:3      | XOM: silly message
  8518 | D:3      | XOM: noise
  9029 | D:3      | XOM: give mutation
  9029 | D:3      | Lost mutation: You have a pair of small antennae on your
                  | head. [Xom's mischief]
  9045 | D:3      | XOM: scenery: create altars
 10051 | D:3      | XOM: scenery: summon butterflies
 10332 | D:3      | XOM: scenery: create altars
 10562 | D:3      | XOM: cloud trail
 10582 | D:3      | XOM: give mutations
 10582 | D:3      | Gained mutation: You are completely covered in iridescent
                  | scales. (AC +6) [Xom's grace]
 10582 | D:3      | Gained mutation: You have a pair of small antennae on your
                  | head. [Xom's grace]
 10670 | D:3      | XOM: scenery: summon butterflies
 10928 | D:3      | XOM: scenery: summon butterflies
 11106 | D:3      | XOM: give mutations
 11106 | D:3      | Gained mutation: Your spells are a little harder to cast,
                  | but a little more powerful. [Xom's grace]
 11106 | D:3      | Gained mutation: Your muscles are strong. (Str +2) [Xom's
                  | grace]
 11106 | D:3      | Gained mutation: You are resistant to electric shocks.
                  | (rElec) [Xom's grace]
 11133 | D:3      | XOM: scenery: create altars
 11228 | D:3      | XOM: god gift: runed glass wand {god gift}
 11446 | D:3      | XOM: stat loss: -1 Int (4/7)
 11550 | D:3      | XOM: give mutations
 11550 | D:3      | Gained mutation: Your spells are harder to cast, but more
                  | powerful. [Xom's grace]
 11550 | D:3      | Lost mutation: You are dopey. (Int -2) [Xom's grace]
 11550 | D:3      | Gained mutation: You have a pair of antennae on your head.
                  | [Xom's grace]
 11578 | D:3      | XOM: scenery: create altars
 11786 | D:3      | XOM: cloud trail
 11936 | D:3      | XOM: cloud trail
 11983 | D:3      | XOM: scenery: summon butterflies
 12079 | D:3      | XOM: give mutation
 12079 | D:3      | Lost mutation: Your muscles are strong. (Str +2) [Xom's
                  | mischief]
 12357 | D:3      | XOM: summons 5 hostile demons
 12380 | D:2      | XOM: god gift: 14 arrows
 12613 | D:2      | XOM: summons 3 hostile shadow creatures
 12631 | D:2      | XOM: give mutation
 12631 | D:2      | Lost mutation: You are very agile. (Dex +4) [Xom's
                  | mischief]
 12797 | D:2      | XOM: summons 2 hostile demons
 13012 | D:2      | XOM: summons 2 hostile demons
 13134 | D:2      | XOM: give mutations
 13134 | D:2      | Lost mutation: You have sharp toenails. [Xom's mischief]
 13134 | D:2      | Lost mutation: You can translocate small distances at will.
                  | [Xom's mischief]
 13134 | D:2      | Lost mutation: Your flesh is heat resistant. (rF+) [Xom's
                  | mischief]
 13134 | D:2      | Lost mutation: Your spells are harder to cast, but more
                  | powerful. [Xom's mischief]
 13163 | D:2      | XOM: summons 3 hostile shadow creatures
 13569 | D:2      | XOM: summons 1 hostile demon
 13722 | D:2      | XOM: summons 3 hostile shadow creatures
 13797 | D:3      | XOM: noise
 13829 | D:3      | XOM: summons 2 hostile shadow creatures
 13865 | D:2      | XOM: divination: detect creatures
 14094 | D:2      | XOM: god gift: 770 gold pieces
 14346 | D:2      | XOM: give mutations
 14346 | D:2      | Gained mutation: Your mind is acute. (Int +2) [Xom's grace]
 14346 | D:2      | Gained mutation: You can translocate small distances at
                  | will. [Xom's grace]
 14346 | D:2      | Gained mutation: Your muscles are strong. (Str +2) [Xom's
                  | grace]
 14346 | D:2      | Gained mutation: You expend magic power (3 MP) to
                  | strengthen your wands. [Xom's grace]
 14417 | D:2      | XOM: god gift: 56 gold pieces
 14705 | D:2      | XOM: divination: detect creatures
 14812 | D:2      | XOM: give mutations
 14812 | D:2      | Gained mutation: You are very agile. (Dex +4) [Xom's grace]
 14812 | D:2      | Gained mutation: Your muscles are very strong. (Str +4)
                  | [Xom's grace]
 14869 | D:2      | XOM is BORED!
 15182 | D:2      | XOM: silly message
 15345 | D:2      | XOM: silly message
 15500 | D:2      | XOM: divination: detect items
 15558 | D:2      | XOM: divination: magic mapping
 17016 | D:2      | XOM is BORED!
 18452 | D:2      | XOM: silly message
 18878 | D:2      | XOM: noise
 18971 | D:2      | XOM: silly message
 18994 | D:2      | XOM: summons 1 hostile demon
 19065 | D:2      | XOM: torment (45/88 hp)
 19214 | D:2      | XOM: scenery: 1 doors close
 19269 | D:2      | XOM: give mutations
 19269 | D:2      | Gained mutation: You have large cloven feet. [Xom's grace]
 19269 | D:2      | Gained mutation: You heal very quickly. [Xom's grace]
 19269 | D:2      | Gained mutation: You passively map a small area around you.
                  | [Xom's grace]
 19517 | D:2      | XOM: give mutations
 19517 | D:2      | Gained mutation: You have a pair of large antennae on your
                  | head. (SInv) [Xom's grace]
 19517 | D:2      | Gained mutation: You are somewhat resistant to further
                  | mutation. [Xom's grace]
 19517 | D:2      | Gained mutation: Your flesh is cold resistant. (rC+) [Xom's
                  | grace]
 19726 | D:2      | XOM: god gift: pair of boots {god gift}
 19835 | D:2      | XOM: give mutations
 19835 | D:2      | Lost mutation: You have large cloven feet. [Xom's mischief]
 19835 | D:2      | Lost mutation: Your mind is acute. (Int +2) [Xom's
                  | mischief]
 19927 | D:2      | XOM: summons 3 hostile shadow creatures
 20075 | D:2      | XOM: stat loss: -1 Dex (12/14)
 20694 | D:2      | XOM: draining
 20963 | D:2      | XOM: scenery: 1 doors open
 21026 | D:2      | XOM: summons 5 hostile demons
 21358 | D:3      | XOM: give mutations
 21358 | D:3      | Gained mutation: You are somewhat resistant to both further
                  | mutation and mutation removal. [Xom's grace]
 21358 | D:3      | Gained mutation: You are resistant to hostile enchantments.
                  | (MR+) [Xom's grace]
 21385 | D:3      | XOM: god gift: 13 arrows
 21599 | D:3      | XOM: god gift: lightning rod (4/4)
 21612 | D:3      | XOM: give mutations
 21612 | D:3      | Lost mutation: You are somewhat resistant to both further
                  | mutation and mutation removal. [Xom's grace]
 21612 | D:3      | Lost mutation: You are somewhat resistant to further
                  | mutation. [Xom's grace]
 21612 | D:3      | Gained mutation: You evolve. [Xom's grace]
 21612 | D:3      | Gained mutation: Your spells are harder to cast, but more
                  | powerful. [Xom's grace]
 21622 | D:3      | XOM is BORED!
 21622 | D:3      | XOM: summons 4 hostile shadow creatures
 21667 | D:2      | Lost mutation: You are resistant to hostile enchantments.
                  | (MR+) [evolution]
 22333 | D:2      | XOM: scenery: 1 doors close
 23469 | D:2      | XOM: give mutations
 23469 | D:2      | Lost mutation: You can translocate small distances at will.
                  | [Xom's mischief]
 23469 | D:2      | Lost mutation: Your spells are harder to cast, but more
                  | powerful. [Xom's mischief]
 23469 | D:2      | Lost mutation: Your muscles are very strong. (Str +4)
                  | [Xom's mischief]
 23469 | D:2      | Lost mutation: You are robust. (+10% HP) [Xom's mischief]
 24011 | D:2      | XOM: summons 5 hostile demons
 24372 | D:3      | XOM: divination: magic mapping
 24426 | D:3      | XOM: silly message
 24542 | D:3      | XOM: silly message
 24577 | D:3      | XOM: silly message
 24729 | D:3      | XOM: silly message
 25038 | D:3      | XOM: silly message
 25476 | D:3      | XOM: give mutations
 25476 | D:3      | Gained mutation: You passively map the area around you.
                  | [Xom's grace]
 25476 | D:3      | Gained mutation: Your skin changes colour to match your
                  | surroundings (Stealth+). [Xom's grace]
 25476 | D:3      | Gained mutation: Your spells are harder to cast, but more
                  | powerful. [Xom's grace]
 25476 | D:3      | Gained mutation: Your muscles are very strong. (Str +4)
                  | [Xom's grace]
 25816 | D:3      | XOM: give mutations
 25816 | D:3      | Gained mutation: You are resistant to hostile enchantments.
                  | (MR+) [Xom's grace]
 25816 | D:3      | Gained mutation: You have sharp toenails. [Xom's grace]
 25816 | D:3      | Gained mutation: Your flesh is very cold resistant. (rC++)
                  | [Xom's grace]
 25816 | D:3      | Gained mutation: You rapidly evolve. [Xom's grace]
 25974 | D:3      | XOM: scenery: summon butterflies
 26155 | D:3      | XOM: give mutations
 26155 | D:3      | Gained mutation: Your skin blends seamlessly with your
                  | surroundings (Stealth++). [Xom's grace]
 26155 | D:3      | Gained mutation: You have razor-sharp toenails. [Xom's
                  | grace]
 26155 | D:3      | Gained mutation: Your flesh is almost immune to the effects
                  | of cold. (rC+++) [Xom's grace]
 26325 | D:3      | XOM: give mutations
 26325 | D:3      | Gained mutation: You have claws for feet. [Xom's grace]
 26325 | D:3      | Gained mutation: You are robust. (+10% HP) [Xom's grace]
 26325 | D:3      | Gained mutation: You are highly resistant to hostile
                  | enchantments. (MR++) [Xom's grace]
 26325 | D:3      | Gained mutation: You are covered in thick fur. (AC +2)
                  | [Xom's grace]
 26438 | D:3      | XOM is BORED!
 26438 | D:3      | XOM: give mutations
 26438 | D:3      | Lost mutation: You are completely covered in iridescent
                  | scales. (AC +6) [Xom's mischief]
 26438 | D:3      | Lost mutation: Your skin blends seamlessly with your
                  | surroundings (Stealth++). [Xom's mischief]
 26438 | D:3      | Lost mutation: You are robust. (+10% HP) [Xom's mischief]
 26566 | D:3      | XOM: cloud trail
 26812 | D:3      | XOM: give mutation
 26812 | D:3      | Gained mutation: You possess an exceptional clarity of
                  | mind. [Xom's grace]
 26931 | D:3      | XOM: scenery: summon butterflies
 26956 | D:3      | XOM: polymorph butterfly -> shapeshifter
 27250 | D:3      | XOM: god gift: 15 stones
 27620 | D:3      | XOM: give mutations
 27620 | D:3      | Gained mutation: You are partially covered in molten
                  | scales. (AC +2) [Xom's grace]
 27620 | D:3      | Gained mutation: You are extremely resistant to the effects
                  | of hostile enchantments. (MR+++) [Xom's grace]
 27903 | D:3      | XOM: give mutations
 27903 | D:3      | Gained mutation: Your flesh is heat resistant. (rF+) [Xom's
                  | grace]
 27903 | D:3      | Gained mutation: Your spells are much harder to cast, but
                  | much more powerful. [Xom's grace]
 27903 | D:3      | Gained mutation: Your flesh is very heat resistant. (rF++)
                  | [Xom's grace]
 27903 | D:3      | Gained mutation: You regenerate. [Xom's grace]
 28139 | D:3      | XOM: scenery: create altars
 28407 | D:3      | XOM: scenery: create altars
 28591 | D:3      | XOM: god gift: serpentine granite ring {god gift}
 28592 | D:3      | Got a serpentine granite ring {god gift}
 28594 | D:3      | Identified the ring "Dutapp" {rC+ Str+5 Slay-5} (Xom gifted
                  | it to you on level 3 of the Dungeon)
 28651 | D:3      | XOM: scenery: summon butterflies
 28873 | D:3      | XOM: god gift: pair of boots {god gift}
 29254 | D:3      | XOM: cloud trail
 29273 | D:3      | XOM: god gift: scimitar {god gift}
 29428 | D:3      | XOM: silly message
 29448 | D:3      | XOM: silly message
 29899 | D:3      | XOM: silly message
 30006 | D:3      | XOM: silly message
 30205 | D:3      | XOM is BORED!
 30205 | D:3      | XOM: noise
 30277 | D:3      | XOM: noise
 30502 | D:3      | XOM: silly message
 30604 | D:3      | XOM: divination: detect creatures
 30810 | D:3      | XOM: noise
 31311 | D:3      | XOM: silly message
 31545 | D:3      | XOM is BORED!
 31648 | D:3      | XOM: give mutation
 31648 | D:3      | Lost mutation: You have a pair of large antennae on your
                  | head. (SInv) [Xom's mischief]
 31858 | D:3      | XOM: torment (41/80 hp)
 32300 | D:3      | XOM: give mutation
 32300 | D:3      | Lost mutation: Your flesh is very heat resistant. (rF++)
                  | [Xom's mischief]
 32873 | D:3      | XOM: summons 3 hostile demons
 32961 | D:2      | XOM: scenery: 1 doors open
 32972 | D:2      | XOM: scenery: 1 doors close
 33001 | D:2      | XOM: stat loss: -1 Str (23/25)
 33062 | D:2      | XOM: scenery: 1 doors open
 33305 | D:2      | XOM: silly message
 33623 | D:2      | XOM: silly message
 34029 | D:2      | XOM: divination: detect items
 34572 | D:2      | XOM is BORED!
 34572 | D:2      | XOM: give mutations
 34572 | D:2      | Lost mutation: You are extremely resistant to the effects
                  | of hostile enchantments. (MR+++) [Xom's mischief]
 34572 | D:2      | Lost mutation: You have a pair of antennae on your head.
                  | [Xom's mischief]
 34786 | D:2      | XOM: god gift: scroll labeled IDDADE WIKOTAUSO {god gift}
 35189 | D:2      | XOM: scenery: 1 doors close
 35257 | D:2      | XOM: give mutations
 35257 | D:2      | Gained mutation: Your mind is acute. (Int +2) [Xom's grace]
 35257 | D:2      | Gained mutation: You have very sharp teeth. [Xom's grace]
 35257 | D:2      | Gained mutation: You have a pair of antennae on your head.
                  | [Xom's grace]
 35257 | D:2      | Gained mutation: You have a pair of large antennae on your
                  | head. (SInv) [Xom's grace]
 35666 | D:2      | XOM: noise
 35981 | D:2      | XOM: give mutations
 35981 | D:2      | Lost mutation: You have a pair of large antennae on your
                  | head. (SInv) [Xom's mischief]
 35981 | D:2      | Lost mutation: Your spells are much harder to cast, but
                  | much more powerful. [Xom's mischief]
 35981 | D:2      | Lost mutation: You are highly resistant to hostile
                  | enchantments. (MR++) [Xom's mischief]
 37225 | D:2      | XOM is BORED!
 37225 | D:2      | XOM: give mutation
 37225 | D:2      | Lost mutation: You are mostly covered in iridescent scales.
                  | (AC +4) [Xom's mischief]
 37242 | D:2      | XOM: noise
 37348 | D:2      | XOM: give mutations
 37348 | D:2      | Lost mutation: You are very agile. (Dex +4) [Xom's
                  | mischief]
 37348 | D:2      | Lost mutation: You rapidly evolve. [Xom's mischief]
 37501 | D:2      | XOM: give mutations
 37501 | D:2      | Lost mutation: Your spells are harder to cast, but more
                  | powerful. [Xom's mischief]
 37501 | D:2      | Lost mutation: You are agile. (Dex +2) [Xom's mischief]
 37501 | D:2      | Lost mutation: You passively map the area around you.
                  | [Xom's mischief]
 37501 | D:2      | Lost mutation: You have claws for feet. [Xom's mischief]
 37778 | D:2      | XOM is BORED!
 37778 | D:2      | XOM: give mutations
 37778 | D:2      | Lost mutation: Your spells are a little harder to cast, but
                  | a little more powerful. [Xom's mischief]
 37778 | D:2      | Lost mutation: You have a pair of antennae on your head.
                  | [Xom's mischief]
 37778 | D:2      | Lost mutation: Your muscles are very strong. (Str +4)
                  | [Xom's mischief]
 38012 | D:2      | XOM: summons 5 hostile demons
 38013 | D:2      | Noticed an ice devil
 38015 | D:3      | Upgraded the game from 0.26-a0-466-g989023bd0d to
                  | 0.26-a0-478-g6c97825307
 38070 | D:2      | Fell from the grace of Xom
 38070 | D:2      | Became a worshipper of Zin the Law-Giver
 38070 | D:2      | Reached * piety under Zin
 38070 | D:2      | Reached ** piety under Zin
 38070 | D:2      | Reached *** piety under Zin
 38215 | D:6      | Reached skill level 9 in Unarmed Combat
 38268 | D:6      | Found a bloodstained altar of Trog.
 38270 | D:6      | Noticed Prince Ribbit
 38277 | D:6      | Killed Prince Ribbit
 38316 | D:6      | Reached XP level 9. HP: 84/89 MP: 8/8
 38339 | D:6      | You fall into a shaft and drop 3 floors!
 38344 | D:9      | Reached skill level 10 in Unarmed Combat
 38479 | D:6      | Noticed Blork the orc
 38487 | D:6      | Killed Blork the orc
 38665 | D:6      | XOM: divination: detect items
 38798 | D:7      | Reached skill level 11 in Unarmed Combat
 38835 | D:7      | Reached **** piety under Zin
 38881 | D:7      | Noticed a two-headed ogre
 38893 | D:7      | Killed a two-headed ogre
 39056 | D:7      | Reached XP level 10. HP: 101/102 MP: 9/9
 39291 | D:8      | Found a staircase to the Lair.
 39292 | D:8      | Noticed an elephant
 39365 | D:8      | Reached ***** piety under Zin
 39398 | D:8      | Killed an elephant
 39398 | D:8      | Reached skill level 12 in Unarmed Combat
 39763 | D:8      | Noticed Joseph
 39774 | D:8      | Killed Joseph
 40018 | Lair:1   | Entered Level 1 of the Lair of Beasts
 40066 | Lair:1   | Noticed a seven-headed hydra
 40066 | Lair:1   | Noticed a cane toad
 40069 | Lair:1   | Noticed a cane toad
 40117 | D:8      | Killed a cane toad
 40120 | D:8      | Killed a cane toad
 40120 | D:8      | Reached skill level 13 in Unarmed Combat
 40120 | D:8      | Reached skill level 1 in Evocations
 40226 | D:9      | Found Joatsiudd's Island Escapes.
 40264 | D:9      | XOM: 4-stop teleportation journey
 40326 | D:9      | XOM: draining
 40914 | D:9      | Bought a scroll of fog for 28 gold pieces
 40914 | D:9      | Bought a potion of haste for 140 gold pieces
 40914 | D:9      | Bought a wand of digging (9) for 364 gold pieces
 40918 | D:10     | Entered Level 10 of the Dungeon
 40999 | D:10     | Reached XP level 11. HP: 99/111 MP: 10/10
 41101 | D:10     | Found Kitukeak's Antique Weapon Shoppe.
 41461 | D:10     | Noticed an unseen horror
 41482 | D:10     | Killed an unseen horror
 41519 | D:10     | Reached skill level 1 in Shields
 41632 | D:10     | XOM: give mutations
 41782 | D:11     | Reached ****** piety under Zin
 41786 | D:11     | Noticed Erolcha
 41794 | D:11     | Killed Erolcha
 41858 | D:11     | Found a staircase to the Orcish Mines.
 41873 | D:11     | Noticed a green ugly thing
 41881 | D:11     | Killed a green ugly thing
 41881 | D:11     | Reached skill level 14 in Unarmed Combat
 42207 | D:11     | Noticed a sixfirhy
 42300 | D:11     | Noticed Sonja
 42306 | D:11     | Killed Sonja
 42550 | D:11     | XOM: chaos upgrade
 42662 | D:11     | Lost mutation: Your flesh is almost immune to the effects
                  | of cold. (rC+++) [evolution]
 42754 | D:12     | Noticed Azrael
 42980 | D:12     | Noticed an unseen horror
 42990 | D:12     | Killed an unseen horror
 43024 | D:12     | Reached skill level 15 in Unarmed Combat
 43136 | D:12     | Killed Azrael
 43136 | D:12     | Reached XP level 12. HP: 27/119 MP: 11/11
 43161 | D:12     | XOM: summons 2 hostile shadow creatures
 43225 | D:12     | Found a corrupted altar of Lugonu.
 43400 | D:12     | XOM: summons 1 hostile shadow creature
 43640 | D:13     | Noticed a centaur warrior
 43640 | D:13     | Noticed a centaur warrior
 43726 | D:12     | XOM: give mutations
 43736 | D:12     | Reached skill level 5 in Shields
 43813 | D:12     | Killed a centaur warrior
 43866 | D:13     | Killed a centaur warrior
 43932 | D:13     | Found a portal to a secret trove of treasure.
 43986 | D:13     | Reached skill level 16 in Unarmed Combat
 44405 | Orc:1    | Entered Level 1 of the Orcish Mines
 44508 | Orc:1    | Noticed an orc warlord
 44619 | Orc:1    | Killed an orc warlord
 44677 | Orc:1    | XOM: torment (61/119 hp)
 45013 | Orc:1    | XOM: stat loss: -2 Str (23/25)
 45241 | Orc:2    | Entered Level 2 of the Orcish Mines
 45275 | Orc:1    | XOM: summons 14 hostile demons
 45364 | Orc:2    | XOM: noise
 45373 | Orc:2    | Found a dark tunnel.
 45383 | Volcano  | Entered a volcano
 45445 | Volcano  | Reached XP level 13. HP: 39/127 MP: 12/12
 45453 | Volcano  | Reached skill level 17 in Unarmed Combat
 45502 | Volcano  | XOM: god gift: 7 gold pieces
 45914 | Orc:2    | Found Kifagusyle's General Store.
 45928 | Orc:2    | Bought a scroll of teleportation for 45 gold pieces
 45928 | Orc:2    | Bought a potion of heal wounds for 75 gold pieces
 46291 | Orc:1    | XOM: stat loss: -3 Dex (9/12)
 46386 | Orc:2    | Noticed an ettin
 46419 | Orc:2    | Killed an ettin
 46507 | Orc:2    | Noticed an orc warlord
 46540 | Orc:2    | Killed an orc warlord
 46554 | Orc:2    | HP: 3/127 [orc warrior/boomerang (16)]
 46673 | Orc:1    | Reached skill level 18 in Unarmed Combat
 46798 | Orc:1    | XOM: draining
 47015 | Orc:2    | Found Jirof's General Store.
 47016 | Orc:2    | Found Demer's Jewellery Shop.
 47017 | Orc:2    | Found Ujyit's Antique Armour Shop.
 47017 | Orc:2    | Found Sabimeon's Antique Weapon Boutique.
 47032 | Orc:2    | Bought an uncursed amulet of reflection for 390 gold pieces
 47248 | Orc:2    | Noticed an ettin
 47253 | Orc:2    | Killed an ettin
 47254 | Orc:2    | Found a roughly hewn altar of Beogh.
 47325 | Orc:2    | Found a roughly hewn altar of Beogh.
 47362 | Orc:2    | Found a staircase to the Elven Halls.
 47489 | D:8      | Was forgiven by Xom
 47702 | Temple   | Fell from the grace of Zin
 47702 | Temple   | Became a worshipper of the Shining One
 47702 | Temple   | Reached * piety under the Shining One
 47702 | Temple   | Reached ** piety under the Shining One
 47739 | Temple   | Fell from the grace of the Shining One
 47739 | Temple   | Became a worshipper of Warmaster Okawaru
 48042 | Lair:1   | Reached * piety under Okawaru
 48480 | Lair:1   | Reached XP level 14. HP: 136/136 MP: 13/13
 48583 | Lair:2   | Reached ** piety under Okawaru
 48767 | Lair:2   | Found a shimmering blue altar of Sif Muna.
 49094 | Lair:2   | Found a hole to the Spider Nest.
 49519 | Lair:3   | Found a staircase to the Swamp.
 50289 | Lair:4   | Reached skill level 19 in Unarmed Combat
 50427 | Lair:4   | Reached *** piety under Okawaru
 50638 | Lair:4   | Reached skill level 10 in Shields
 51083 | Lair:4   | Reached **** piety under Okawaru
 52006 | Lair:5   | Reached ***** piety under Okawaru
 52184 | Lair:5   | Lost mutation: You evolve. [end of evolution]
 52265 | Lair:5   | Noticed Urug
 52278 | Lair:5   | Killed Urug
 52328 | Lair:5   | Upgraded the game from 0.26-a0-478-g6c97825307 to
                  | 0.26-a0-487-gbff1e92059
 52677 | Lair:6   | Entered Level 6 of the Lair of Beasts
 52686 | Lair:6   | Received a gift from Okawaru
 52706 | Lair:6   | Reached XP level 15. HP: 92/143 MP: 1/14
 53128 | Lair:6   | Found a staircase to the Slime Pits.
 53128 | Lair:6   | Found a viscous altar of Jiyva.
 53934 | Lair:6   | Reached ****** piety under Okawaru
 54042 | Lair:6   | Received a gift from Okawaru
 54059 | Lair:6   | Got a shadowed robe {god gift}
 54060 | Lair:6   | Identified the +0 robe of Miavum {*Slow rPois rN+ Str+4}
                  | (Okawaru gifted it to you on level 6 of the Lair of Beasts)
 54068 | Lair:6   | Identified 2 scrolls of acquirement
 54070 | Lair:6   | Acquired the +0 cloak of the Wumpus {rPois Int+4 Slay+2}
 54083 | Lair:6   | Acquired a manual of Fighting
 54641 | D:14     | Found a gate to the Vaults.
 55544 | D:15     | Entered Level 15 of the Dungeon
 55603 | D:15     | Noticed Nessos
 55786 | D:15     | Killed Nessos
 55786 | D:15     | Received a gift from Okawaru
 55804 | D:15     | HP: 1/143 [ettin/+0 dire flail (14)]
 56279 | D:15     | Found a staircase to the Depths.
 56351 | D:15     | Found Ecucogog's Hallowed Reliquary.
 56351 | D:15     | Found a glowing silver altar of Zin.
 56368 | D:15     | Bought a potion of curing for 54 gold pieces
 56368 | D:15     | Bought 2 potions of curing for 108 gold pieces
 56454 | D:15     | Reached skill level 15 in Shields
 56477 | D:15     | Reached XP level 16. HP: 128/152 MP: 15/15
 56985 | Swamp:1  | Entered Level 1 of the Swamp
 57572 | Swamp:1  | Noticed a tentacled monstrosity
 57594 | Swamp:1  | Killed a tentacled monstrosity
 57833 | Swamp:2  | Reached skill level 5 in Dodging
 57853 | Swamp:2  | Received a gift from Okawaru
 58590 | Swamp:3  | Reached skill level 10 in Fighting
 58786 | Swamp:3  | Noticed Jorgrun
 58795 | Swamp:3  | Killed Jorgrun
 58852 | Swamp:3  | Noticed a thorn hunter
 58861 | Swamp:3  | Killed a thorn hunter
 58879 | Swamp:3  | Received a gift from Okawaru
 59269 | Swamp:4  | Entered Level 4 of the Swamp
 59269 | Swamp:4  | Noticed a thorn hunter
 59502 | Swamp:4  | Noticed a thorn hunter
 59518 | Swamp:4  | Killed a thorn hunter
 59528 | Swamp:4  | Noticed Bai Suzhen
 59664 | Swamp:4  | Killed a thorn hunter
 59717 | Swamp:4  | Received a gift from Okawaru
 59770 | Swamp:4  | Noticed Aizul
 59786 | Swamp:4  | Killed Aizul
 60160 | Swamp:4  | Reached XP level 17. HP: 141/170 MP: 16/16
 60301 | Swamp:4  | Got a decaying rune of Zot
 60330 | Swamp:4  | Killed Bai Suzhen
 60330 | Swamp:4  | Received a gift from Okawaru
 60441 | Swamp:4  | Reached skill level 20 in Unarmed Combat
 60866 | Spider:1 | Entered Level 1 of the Spider Nest
 61198 | Spider:1 | Noticed Kirke
 61208 | Spider:1 | Killed Kirke
 61982 | Spider:2 | Noticed Frances
 61988 | Spider:2 | Killed Frances
 62096 | Spider:2 | Received a gift from Okawaru
 62896 | Spider:3 | Found a frozen archway.
 62914 | IceCv    | Entered an ice cave
 63473 | Spider:3 | Found a runed translucent gate.
 63473 | Spider:3 | Found a runed translucent gate.
 63475 | Spider:3 | Found a runed translucent gate.
 63478 | Spider:3 | Noticed Duqoann's ghost (journeyman DgWn)
 63531 | Spider:3 | Killed Duqoann's ghost
 63617 | Spider:3 | Found the +7 sceptre of Torment {pain, torment}
 63630 | Spider:3 | Reached XP level 18. HP: 183/185 MP: 17/17
 63689 | Spider:3 | Learned a level 1 spell: Apportation
 63693 | Spider:3 | Learned a level 3 spell: Lesser Beckoning
 63744 | Spider:3 | Received a gift from Okawaru
 63780 | Spider:3 | Reached skill level 1 in Translocations
 63969 | Spider:3 | Noticed Nikola
 63988 | Spider:3 | Killed Nikola
 64189 | Spider:3 | Reached skill level 1 in Spellcasting
 64591 | Spider:4 | Entered Level 4 of the Spider Nest
 64770 | Spider:4 | Noticed Donald
 64890 | Spider:3 | Killed Donald
 65252 | Spider:3 | Received a gift from Okawaru
 65818 | Spider:4 | Got a gossamer rune of Zot
 66184 | Vaults:1 | Entered Level 1 of the Vaults
 66464 | Vaults:1 | Received a gift from Okawaru
 66464 | Vaults:1 | Reached skill level 21 in Unarmed Combat
 66465 | Vaults:1 | Got a dazzling tower shield {god gift}
 66466 | Vaults:1 | Identified the +7 tower shield of Orronage {Str+4 SInv}
                  | (Okawaru gifted it to you on level 1 of the Vaults)
 66508 | Vaults:1 | Reached skill level 10 in Dodging
 66745 | Vaults:1 | Found Lymnoybi's Distillery.
 66782 | Vaults:1 | Reached skill level 5 in Translocations
 66792 | Vaults:1 | Bought a potion of heal wounds for 85 gold pieces
 66792 | Vaults:1 | Bought a potion of curing for 51 gold pieces
 66792 | Vaults:1 | Bought a potion of curing for 51 gold pieces
 66792 | Vaults:1 | Bought a potion of heal wounds for 85 gold pieces
 66792 | Vaults:1 | Bought a potion of curing for 51 gold pieces
 66792 | Vaults:1 | Bought a potion of curing for 51 gold pieces
 66792 | Vaults:1 | Bought a potion of curing for 51 gold pieces
 66792 | Vaults:1 | Bought a potion of might for 68 gold pieces
 67334 | Vaults:1 | Reached XP level 19. HP: 177/195 MP: 22/22
 68242 | Vaults:2 | You fall into a shaft and drop 2 floors!
 68248 | Vaults:4 | Received a gift from Okawaru
 68620 | Vaults:3 | Received a gift from Okawaru
 68792 | Vaults:3 | Reached skill level 10 in Translocations
 68861 | Vaults:3 | Noticed Jory
 68887 | Vaults:3 | Killed Jory
 69371 | Vaults:2 | Received a gift from Okawaru
 69550 | Vaults:2 | Reached XP level 20. HP: 159/205 MP: 23/23
 70522 | Vaults:3 | Received a gift from Okawaru
 70700 | Vaults:3 | Found Piemis's Antique Armour Shop.
 70706 | Vaults:3 | Bought an ancient robe for 96 gold pieces
 70706 | Vaults:3 | Identified the +1 robe "Nuffives" {Dex+2} (You bought it in
                  | a shop on level 3 of the Vaults)
 70707 | Vaults:3 | Bought spiked ice dragon scales for 1105 gold pieces
 70707 | Vaults:3 | Identified the +5 ice dragon scales of the Evening Star
                  | {rF- rC++ Int+5 Dex+3} (You bought it in a shop on level 3
                  | of the Vaults)
 71149 | Vaults:3 | Found a staircase to the Crypt.
 72868 | Vaults:4 | Identified the ring "Hofe" {rN+ Str+5}
 72893 | Vaults:4 | Identified the +0 ring mail "Ydompyso" {rElec Int+10 Dex-4}
 73061 | Vaults:4 | Received a gift from Okawaru
 73063 | Vaults:4 | Identified the +1 robe of Xotifyvuy {rElec rF+ Regen+}
                  | (Okawaru gifted it to you on level 4 of the Vaults)
 73220 | Vaults:4 | Reached XP level 21. HP: 154/215 MP: 24/24
 73337 | Vaults:4 | HP: 4/215 [tentacled monstrosity (11)]
 74068 | Vaults:5 | Entered Level 5 of the Vaults
 74075 | Vaults:5 | Reached skill level 15 in Fighting
 74075 | Vaults:5 | Reached skill level 22 in Unarmed Combat
 74077 | Vaults:5 | Noticed an ancient lich
 74147 | Vaults:5 | Killed an ancient lich
 74147 | Vaults:5 | Received a gift from Okawaru
 74439 | Vaults:5 | Noticed Boris
 74440 | Vaults:5 | Mangled by a titan

Illustrated notes

Levels and vault maps discovered:
D:1:      lordsloth_arrival_two_stooges, layout_loops_corners,
          minmay_heptomino_d4
D:2:      layout_loops_corners, zin_angel, fedhas_altar_2, minmay_misc_feat_x,
          uniq_crazy_yiuf_cottage, uniq_sigmund
D:3:      layout_rooms, chequers_serial_rivers_micro_c, tgw_kikubaaqudgha
D:4:      layout_cave_pools, kennysheep_okawaru_gauntlet, uniq_menkaure
D:5:      layout_rooms, marbit_many_paths, nicolae_overflow_hidden_temple,
          minmay_temple_entry_large_hall, gammafunk_ghost_arena, uniq_duvessa
D:6:      layout_rooms, trog_three_pillars_becter, uniq_prince_ribbit1,
          uniq_blork_the_orc
D:7:      layout_rooms
D:8:      layout_cave_pods, david_lair_generic, minmay_strange_pillars,
          minmay_misc_feat_more_columns, uniq_joseph
D:9:      layout_irregular_city, nicolae_island_escapes
D:10:     layout_loops_corners, serial_shops, shop
D:11:     layout_layer_cave, orc_0_dummy, uniq_erolcha, uniq_sonja
D:12:     kennysheep_kobold_lugonu_temple, layout_long_grid, dk_vineyard_3,
          uniq_azrael
D:13:     layout_cave_pools, enter_trove_0
D:14:     layout_loops_ring, david_vaults_2, chequers_jeans, minmay_hedge_maze,
          argonaut_gorgonesque
D:15:     hangedman_depths_entry_civil_slaughter, layout_gridville,
          grunt_decor_cap, grunt_ministairs_15, small_statue_alley_a,
          nicolae_good_shop, uniq_nessos
Temple:   dpeg_five_rooms_temple
Lair:1:   layout_long_grid, st_stairs_8
Lair:2:   layout_long_grid, spider_nest_entry_rubble, basic_altar,
          small_statue_intersection, minivault_11, serial_bayou_shore_a,
          grunt_megastairs_1
Lair:3:   layout_regular_city, swamp_mist_pool, minivault_25
Lair:4:   onia_ninara_swampy_vault, layout_cave_shapes, serial_bayou_shore_b
Lair:5:   beast_lair_carwin_large_4, layout_hall_layers, special_room
          [special_room_bee], uniq_urug
Lair:6:   due_jungle_book, layout_hall_layers, slime_altar_1
Swamp:1:  cheibrodos_swamp_monstrosity, layout_basic_swamp,
          hangedman_swamp_ruin_wall, swamp_pool5
Swamp:2:  layout_falls_marsh, evilmike_swamp_ruin_rubble_2
Swamp:3:  layout_falls_marsh, evilmike_swamp_ruin_house_3, swamp_pool3,
          uniq_jorgrun
Swamp:4:  swamp_alternative, layout_basic_swamp, uniq_aizul, uniq_bai_suzhen
Spider:1: layout_chambers, uniq_kirke
Spider:2: layout_spider_delve, nicolae_spider_cling_ruins, uniq_frances
Spider:3: hangedman_creepy_crawlies, portal_ice_cave_entry_ice_statue_one,
          gammafunk_ghost_necromancy, nicolae_orb_stairs, uniq_nikola
Spider:4: grunt_spider_rune_circles, uniq_donald
Orc:1:    layout_diamond_mine, mines3_lemuel
Orc:2:    st_orc_congregation, layout_diamond_mine, basic_altar, serial_shops,
          shop, nicolae_volcano_entry_batcave, mines1_david
Vaults:1: nicolae_vaults_branching_niches, nicolae_vaults_theta,
          ontoclasm_vaults_misaligned, ontoclasm_vaults_decontamination,
          v_misc_29, vaults_dpeg_cross, layout_vaults_chaotic_city,
          serial_shops, shop
Vaults:2: nicolae_vaults_little_squares_2, nicolae_vaults_little_squares_5,
          hangedman_vaults_stream, v_alt_pattern_1, vaults_room_pools,
          nicolae_vaults_circle_grid_a, ontoclasm_vaults_ligature,
          nicolae_vaults_gold_heap, vaults_dpeg_hooks, layout_vaults_quadrants
Vaults:3: nicolae_vaults_what_the_h, hangedman_vaults_trim,
          nicolae_vaults_network_quinsquares
          [nicolae_vaults_network_quincunx_subvault,
          nicolae_vaults_network_quincunx_subvault,
          nicolae_vaults_network_quincunx_subvault,
          nicolae_vaults_network_quincunx_subvault], v_misc_30,
          vaults_room_large_hall, grunt_vaults_hallway_long, v_misc_3,
          nicolae_vaults_inception_scallops, nicolae_vaults_alarming,
          minmay_crypt_entry_simple_round, ontoclasm_vaults_loading_screen,
          v_alt_pattern_3, grunt_vaults_bifocal, layout_vaults_omnibox,
          serial_shops, shop, uniq_jory
Vaults:4: ontoclasm_vaults_idyll, st_greater_box_4, v_misc_14,
          hangedman_vaults_impose, v_misc_26, v_alt_pattern_4,
          vaults_mumra_chevron, v_misc_9, v_misc_23, vaults_room_large_hall,
          v_misc_10, grunt_vaults_funnel, vaults_room_fancy_cross,
          ontoclasm_vaults_eye, v_misc_19, v_misc_5, layout_vaults_omnicross
Vaults:5: serial_shops, uniq_boris

Skill      XL: |  1  2  3  4  5  6  7  8  9 10 11 12 13 14 15 16 17 18 19 20 21 |
---------------+----------------------------------------------------------------+-----
Dodging        | 2 3 6 9 10 11 12 | 12.4
Fighting       | 3 4 6 7 8 11 13 14 15 | 15.7
Unarmed Combat | 4 5 6 7 9 11 13 15 16 18 19 20 21 22 | 22.2
Evocations     | 2 3 |  3.1
Shields        | 4 6 8 12 15 16 | 16.5
Translocations | 6 10 | 10.0
Spellcasting   | 3 |  3.0

Action                   |  1- 3 |  4- 6 |  7- 9 | 10-12 | 13-15 | 16-18 | 19-21 || total
-------------------------+-------+-------+-------+-------+-------+-------+-------++-------
Melee: Unarmed           |    58 |    97 |   313 |   603 |  1253 |  1701 |  1271 ||  5296
       Punch             |     1 |       |     5 |    42 |     2 |       |       ||    50
       Kick              |       |    12 |    59 |   168 |   431 |   654 |   544 ||  1868
       Bite              |       |       |    13 |    74 |   178 |   227 |   199 ||   691
Throw: Dart              |       |       |       |       |     1 |       |       ||     1
Invok: Finesse           |       |       |       |       |       |       |     2 ||     2
Evoke: Wand              |       |       |       |     2 |    32 |     6 |     4 ||    44
       Lightning rod     |       |       |       |       |     1 |       |       ||     1
  Use: Scroll            |       |       |    11 |    11 |    12 |    17 |    12 ||    63
       Potion            |       |       |     5 |     4 |     4 |     4 |     7 ||    24
 Stab: Sleeping          |     1 |       |     2 |     9 |     9 |     1 |     4 ||    26
       Paralysed         |       |       |       |     5 |    12 |       |       ||    17
       Distracted        |       |       |       |       |     1 |     1 |     2 ||     4
       Confused          |       |       |       |       |       |     1 |       ||     1
       Invisible         |       |       |       |       |       |     4 |       ||     4
       Held in net/web   |       |       |       |       |       |     1 |       ||     1
Armor: Robe              |    18 |    45 |   148 |   297 |   270 |   537 |   174 ||  1489
Dodge: Dodged            |    20 |    50 |   215 |   313 |   353 |   674 |   335 ||  1960
Block: Kite shield       |       |       |       |       |   820 |  1501 |   850 ||  3171
       Reflection        |       |       |       |       |    25 |    24 |    52 ||   101

Table legend: (Time is in decaauts)
 A = Elapsed time spent in this place.
 B = Non-inter-level travel time spent in this place.
 C = Inter-level travel time spent in this place.
 D = Time resting spent in this place.
 E = Time spent auto-exploring this place.
 F = Levels seen in this place.
 G = Mean time per level.
                   A        B        C        D        E       F      G
               +--------+--------+--------+--------+--------+-----+--------+
         Total |  72968 |  70429 |   2539 |  39035 |  21937 |  39 | 1871.0 |
       Dungeon |  46860 |  45654 |   1206 |  35257 |   7854 |  15 | 3124.0 |
        Temple |    379 |    193 |    186 |      0 |    185 |   1 |  379.0 |
          Lair |   6516 |   6018 |    498 |    426 |   4482 |   6 | 1086.0 |
         Swamp |   3858 |   3631 |    227 |    524 |   2047 |   4 |  964.5 |
   Spider Nest |   4566 |   4338 |    228 |    670 |   2347 |   4 | 1141.5 |
  Orcish Mines |   2423 |   2373 |     50 |    570 |    921 |   2 | 1211.5 |
        Vaults |   7703 |   7562 |    141 |   1455 |   4100 |   5 | 1540.6 |
      Ice Cave |    212 |    212 |      0 |     33 |      0 |   1 |  212.0 |
       Volcano |    449 |    449 |      0 |     99 |      0 |   1 |  449.0 |
               +--------+--------+--------+--------+--------+-----+--------+

Top non-repeatable levels by time:
     D:3: 19011 daAuts
     D:2: 16980 daAuts
Vaults:4: 2376 daAuts
Spider:3: 2192 daAuts
Vaults:3: 2008 daAuts
Vaults:2: 1656 daAuts
  Lair:6: 1431 daAuts
   Orc:1: 1408 daAuts
Vaults:1: 1407 daAuts
  Lair:4: 1347 daAuts
    D:14: 1218 daAuts
    D:11: 1218 daAuts
 Swamp:3: 1157 daAuts
 Swamp:4: 1154 daAuts
    D:12: 1116 daAuts
